 Dungeon Crawl Stone Soup version 0.30-a0-743-gbfdf073431 (webtiles) character file.

Game seed: 14534917813115320021

73 jimonade the Sneak (level 4, -5/26 HPs)
             Began as a Vampire Brigand on Feb 6, 2023.
             Slain by Sigmund
             ... wielding a +0 scythe
              (10 damage)
             ... on level 2 of the Dungeon.
             The game lasted 00:01:50 (1309 turns).

jimonade the Sneak (Vampire Brigand)                Turns: 1309, Time: 00:01:51

Health: -5/26      AC:  3    Str: 10    XL:     4   Next: 8%
Magic:  4/4        EV: 12    Int: 13    God:
Gold:   82         SH:  0    Dex: 17    Spells: 3/3 levels left

rFire   . . .      SeeInvis +    a - +2 dagger
rCold   + + .      Faith    .    (no shield)
rNeg    + + +      Spirit   .    b - +0 robe
rPois   ∞          Reflect  .    (no helmet)
rElec   .          Harm     .    c - +0 cloak
rCorr   .          Rampage  .    (no gloves)
Will    .....                    (no boots)
Stlth   ++++++                   (no amulet)
HPRegen 0.00/turn                (no ring)
MPRegen 0.09/turn                (no ring)

@: bloodless, inhibited regen
A: bloodless, fangs 3, see invisible, vampiric 2
a: Bat Form, Revivify


You were on level 2 of the Dungeon.
You visited 1 branch of the dungeon, and saw 2 of its levels.

You collected 82 gold pieces.

Inventory:

Hand Weapons
 a - a +2 dagger (weapon)
Missiles
 d - 9 poisoned darts (quivered)
 e - 3 curare-tipped darts
Armour
 b - a +0 robe (worn)
 c - a +0 cloak (worn)
 l - a +0 leather armour
Jewellery
 m - an amulet of magic regeneration
Scrolls
 f - a scroll of noise {unknown}
 g - 3 scrolls of identify {unknown}
 h - a scroll of enchant weapon {unknown}
 i - a scroll of silence {unknown}
 k - a scroll of brand weapon {unknown}
Potions
 j - a potion of berserk rage {unknown}


   Skills:
 + Level 2.3 Fighting
 * Level 3.5 Short Blades
 + Level 1.6 Throwing
 + Level 1.4 Dodging
 + Level 6.8 Stealth


You had 3 spell levels left.
You didn't know any spells.
Your spell library was empty.

Dungeon Overview and Level Annotations

Branches:
Dungeon (2/15)

Altars:

Annotations:
D:2 Sigmund


Innate Abilities, Weirdness & Mutations

You do not regenerate when monsters are visible.
You are frail without blood (-20% HP).
You can heal yourself when you bite living creatures.
You are immune to poison.
You have razor-sharp teeth.
You have supernaturally acute eyesight. (SInv)
You are afflicted with vampirism and can become a bat while bloodless.


Message History

A bat is nearby!
A giant cockroach comes into view.
The helpless bat fails to defend itself.
You bite the bat, and draw its blood! You skewer the bat like a kebab!!!
You kill the bat!
The helpless giant cockroach fails to defend itself.
You impale the giant cockroach!!
You kill the giant cockroach!
No target in view!
You see here a giant cockroach corpse.
m - an amulet of magic regeneration Sigmund the Dreaded comes into view.
He is wielding a +0 scythe.
Found a sedimented sapphire potion.
Sigmund shouts!
Sigmund points at you and mumbles some strange words.
You resist with some effort. Sigmund misses you.
Sigmund hits you with a +0 scythe!
You barely miss Sigmund. You hit Sigmund but do no damage.
Sigmund hits you with a +0 scythe!
* * * LOW HITPOINT WARNING * * *
You hit Sigmund but do no damage. You hit Sigmund. You bite Sigmund.
You draw Sigmund's blood!
You feel better.
Sigmund is moderately wounded.
Sigmund hits you with a +0 scythe.
You barely miss Sigmund. Your bite misses Sigmund.
Sigmund is moderately wounded.
Sigmund hits you with a +0 scythe.
* * * LOW HITPOINT WARNING * * *
You hit Sigmund but do no damage.
Sigmund is moderately wounded.
You barely miss Sigmund. Your bite misses Sigmund.
Sigmund is moderately wounded.
Sigmund misses you.
You hit Sigmund.
Sigmund is heavily wounded.
You completely miss Sigmund.
Sigmund is heavily wounded.
Sigmund hits you with a +0 scythe!
You die...

†................#
.......#########.#
# ######.# #.#.#
.. #.# ####.#.#
#.# #.# #.!....#
#.# #.# #.##.### #
# #.# ####.##.# #
#.. ........#
.###.#.@# # #@.#
#..# #... #...
####. . .#


You could see Sigmund.

Vanquished Creatures
  Natasha (D:2)
  An adder (D:2)
  2 dart slugs
  3 bats
  5 endoplasms
  5 giant cockroaches
  A goblin (D:1)
  2 hobgoblins (D:1)
  3 kobolds (D:1)
  2 quokkas (D:1)
  4 ball pythons (D:1)
  A frilled lizard (D:1)
  2 rats (D:1)
32 creatures vanquished.

Vanquished Creatures (others)
  2 plants (D:1)
2 creatures vanquished.

Grand Total: 34 creatures vanquished

Notes
Turn   | Place    | Note
-------+----------+-------------------------------------------
     0 | D:1      | jimonade the Vampire Brigand began the quest for the Orb.
     0 | D:1      | Reached XP level 1. HP: 16/16 MP: 1/1
   168 | D:1      | Reached XP level 2. HP: 17/17 MP: 2/2
   458 | D:1      | Reached skill level 6 in Stealth
   773 | D:1      | Gained mutation: You are afflicted with vampirism and can
                  | become a bat while bloodless. [Vampire growth]
   773 | D:1      | Reached XP level 3. HP: 21/21 MP: 3/3
   943 | D:1      | Found a faded altar of an unknown god.
  1129 | D:2      | Noticed Natasha
  1138 | D:2      | Killed Natasha
  1243 | D:2      | Reached XP level 4. HP: 23/26 MP: 4/4
  1295 | D:2      | Noticed Sigmund
  1309 | D:2      | Slain by Sigmund

Illustrated notes

Levels and vault maps discovered:
D:1:      minmay_arrival_shoal_huts, layout_loops_ring, serial_bayou,
          serial_bayou_pond_e, serial_bayou_lake_a, serial_bayou_lagoon_a,
          serial_bayou_pond_e, serial_bayou_pond_c, serial_bayou_shore_b,
          dilly_ecumenical_altar_fadedgnrine,
          hangedman_abyss_or_decor_lesser_grid, minmay_hexomino_p4
D:2:      layout_loops_ring, kennysheep_cross_room, reono_crystal_passage,
          uniq_natasha, uniq_robin, uniq_sigmund, uniq_jessica

Skill      XL: |  1  2 |
---------------+-------+-----
Fighting       | 2 |  2.3
Stealth        | 6 |  6.8
Short Blades   | 3 |  3.5
Throwing       | |  1.6
Dodging        | |  1.4

Action                     |  1- 3 |  4- 6 || total
---------------------------+-------+-------++-------
  Melee: Dagger            |    86 |    11 ||    97
         Bite              |     5 |     1 ||     6
         Punch             |     1 |       ||     1
Ability: Exsanguinate      |     1 |       ||     1
   Stab: Sleeping          |    15 |     2 ||    17
 Armour: Robe              |    26 |       ||    26
  Dodge: Dodged            |    48 |     2 ||    50

Table legend: (Time is in decaauts)
 A = Elapsed time spent in this place.
 B = Non-inter-level travel time spent in this place.
 C = Inter-level travel time spent in this place.
 D = Time resting spent in this place.
 E = Time spent auto-exploring this place.
 F = Levels seen in this place.
 G = Mean time per level.
                   A        B        C        D        E       F      G
               +--------+--------+--------+--------+--------+-----+--------+
         Total |   1354 |   1251 |    103 |      0 |    935 |   2 |  677.0 |
       Dungeon |   1354 |   1251 |    103 |      0 |    935 |   2 |  677.0 |
               +--------+--------+--------+--------+--------+-----+--------+

Top non-repeatable levels by time:
     D:1: 1172 daAuts
     D:2: 182 daAuts
